 Dungeon Crawl Stone Soup version 0.18.1-48-g4cf74bf (webtiles) character file.

2398 nikopol the Fighter (level 9, -5/81 HPs)
             Began as a Minotaur Berserker on Sept 4, 2016.
             Was an Elder of Trog.
             Killed from afar by Erica (21 damage)
             ... with a wand of lightning
             ... on level 8 of the Dungeon.
             The game lasted 00:18:24 (5297 turns).

nikopol the Fighter (Minotaur Berserker)            Turns: 5297, Time: 00:18:24

Health: -5/81      AC: 10    Str: 23    XL:     9   Next: 23%
Magic:  8/8        EV: 11    Int:  4    God:    Trog [****..]
Gold:   317        SH:  0    Dex: 12    Spells: 0 memorised, 8 levels left

rFire  . . .     SeeInvis .     a - +2 war axe
rCold  . . .     Gourm    .     h - +0 scale mail
rNeg   . . .     Faith    .     (no shield)
rPois  .         Spirit   .     (helmet restricted)
rElec  .         Dismiss  .     (no cloak)
rCorr  .         Reflect  .     o - +0 pair of gloves
SustAt .         Harm     +     t - +0 pair of boots
MR     .....                    L - amulet of harm
Stlth  ..........               (no ring)
                                x - +3 ring of evasion

@: drained, not resistant to hostile enchantments, extremely unstealthy
A: retaliatory headbutt, horns 2
a: Berserk, Trog's Hand, Brothers in Arms, Burn Spellbooks, Renounce Religion


You were on level 8 of the Dungeon.
You worshipped Trog.
Trog was greatly pleased with you.
You were hungry.

You visited 1 branch of the dungeon, and saw 8 of its levels.
You also visited: Ossuary.

You collected 317 gold pieces.

Inventory:

Hand Weapons
 a - a +2 war axe (weapon)
Missiles
 d - 111 arrows (quivered)
Armour
 h - a +0 scale mail (worn)
 o - a +0 pair of gloves (worn)
 t - a +0 pair of boots (worn)
 N - the +1 scale mail of Truth {rElec rF+ Regen+ Dex-4}
   (You found it on level 6 of the Dungeon)

   It affects your dexterity (-4).
   It protects you from fire.
   It insulates you from electricity.
   It increases your rate of regeneration.
Jewellery
 x - a +3 ring of evasion (left hand)
 L - an amulet of harm (around neck)
Wands
 q - a wand of digging (1/24)
Scrolls
 e - 3 scrolls of remove curse
 g - a scroll of identify
 j - 4 scrolls of enchant armour {unknown}
 l - a scroll of fear {unknown}
 n - 2 scrolls of amnesia {unknown}
 r - 2 scrolls of noise {unknown}
 y - 3 scrolls of recharging {unknown}
 B - a scroll of immolation {unknown}
 E - 2 scrolls of enchant weapon {unknown}
 K - 4 scrolls of teleportation {unknown}
 O - a scroll of fog {unknown}
Potions
 f - 3 potions of might
 i - 3 potions of invisibility
 m - 3 potions of flight
 C - 5 potions of curing
 F - 5 potions of haste
 G - 2 potions of cure mutation
 H - a potion of agility
 M - a potion of heal wounds
Comestibles
 c - 6 bread rations
 k - 2 beef jerkies
 p - 4 meat rations
 v - 4 fruits
 A - a chunk of flesh


   Skills:
 + Level 8.2(7.4) Fighting
 * Level 8.2(7.4) Axes
   Level 0.4(0.0) Bows
 + Level 8.0(7.2) Armour
 + Level 7.0(6.3) Dodging


You had 8 spell levels left.
You didn't know any spells.

Dungeon Overview and Level Annotations

Branches:
Dungeon (8/15)             Temple (0/1) D:7
   Lair: D:8-11

Altars:
Dithmenos
Fedhas
Kikubaaqudgha
Pakellas
Qazlal
Ru
Sif Muna

Shops:
D:7 :

Annotations:
D:8 Erica


Innate Abilities, Weirdness & Mutations

You reflexively headbutt those who attack you in melee.
You have a pair of horns on your head.


Message History

Erica misses you.
You closely miss Erica.
Erica is moderately wounded.
Erica mumbles some strange words.
Erica flickers and vanishes!
Deactivating autopickup; reactivate with Ctrl-A.
No target in view!
No target in view!
No target in view!
You hit something. Something hits you but does no damage.
You closely miss something. Something hits you. Something burns you.
You barely miss something. You headbutt something!
You hear some strange, mumbled words.
An orb of energy appears from out of thin air!
The orb of energy hits you!
* * * LOW HITPOINT WARNING * * *
You hear a zap.
A bolt of lightning appears from out of thin air!
The bolt of lightning hits you!
You die...

###########
####....(....#.
.......@.......
###...{†......#
#..........##
##.........#
#...........
#.........##
#.........#
#..)....!.#


There were no monsters in sight!

Vanquished Creatures
  Sigmund (D:4)
  Edmund (D:4)
  Duvessa (D:6)
  An orc warrior (D:6)
  An ice beast (D:7)
  A sky beast (D:8)
  A centaur (D:7)
  3 ogres
  An elf zombie (Ossuary)
  2 giant frogs
  Dowan (D:6)
  2 scorpions
  4 wights (D:7)
  A howler monkey (D:5)
  A crimson imp (D:5)
  A centaur zombie (Ossuary)
  3 hounds
  A human zombie (Ossuary)
  4 orc priests
  A centaur skeleton (D:5)
  3 iguanas
  An orc wizard (D:6)
  A worker ant (D:6)
  A big kobold zombie (Ossuary)
  2 mummies (Ossuary)
  A worker ant zombie (D:7)
  A howler monkey skeleton (D:4)
  13 adders
  4 gnolls (D:4)
  2 shadow imps
  2 oozes
  2 adder zombies (Ossuary)
  3 worms
  4 dart slugs
  3 giant geckos
  28 orcs
  2 ball pythons
  5 giant cockroaches
  7 goblins
  7 hobgoblins
  3 jackals (D:5)
  2 quokkas
  2 bats
  A giant gecko skeleton (D:6)
  2 giant newts
  A goblin zombie (Ossuary)
  9 hobgoblin zombies (Ossuary)
  2 jackal zombies (Ossuary)
  2 kobolds
  6 kobold zombies (Ossuary)
  12 orc zombies (Ossuary)
  A quokka skeleton (D:6)
  A quokka zombie (D:5)
  2 rats (D:1)
  A rat zombie (Ossuary)
171 creatures vanquished.

Notes
Turn   | Place    | Note
--------------------------------------------------------------
     0 | D:1      | nikopol the Minotaur Berserker began the quest for the Orb.
     0 | D:1      | Reached XP level 1. HP: 19/19 MP: 0/0
     1 | D:1      | Noticed an electric eel
   160 | D:1      | Reached XP level 2. HP: 27/27 MP: 1/1
   494 | D:2      | Reached XP level 3. HP: 32/33 MP: 2/2
   582 | D:2      | Found an oddly glowing altar of Pakellas.
   831 | D:2      | Reached ** piety under Trog
   849 | D:2      | Reached XP level 4. HP: 39/40 MP: 3/3
  1197 | D:3      | Found a sacrificial altar of Ru.
  1199 | D:3      | Found a shadowy altar of Dithmenos.
  1199 | D:3      | Found an ancient bone altar of Kikubaaqudgha.
  1391 | D:3      | Reached XP level 5. HP: 36/47 MP: 4/4
  1936 | D:4      | Found a blossoming altar of Fedhas.
  1939 | D:4      | Found a stormy altar of Qazlal.
  1994 | D:4      | Noticed Edmund
  2004 | D:4      | Killed Edmund
  2004 | D:4      | Reached skill level 5 in Fighting
  2004 | D:4      | Reached XP level 6. HP: 56/56 MP: 5/5
  2033 | D:4      | Noticed Sigmund
  2139 | D:4      | Killed Sigmund
  2139 | D:4      | Reached skill level 5 in Axes
  2139 | D:4      | Reached skill level 5 in Armour
  2554 | D:5      | Entered Level 5 of the Dungeon
  2559 | D:5      | Found a sand-covered staircase.
  2566 | Ossuary  | Entered an ossuary
  2642 | Ossuary  | Reached XP level 7. HP: 49/61 MP: 6/6
  2883 | D:5      | Reached skill level 5 in Dodging
  2991 | D:5      | Reached *** piety under Trog
  3386 | D:5      | Reached XP level 8. HP: 69/71 MP: 7/7
  3629 | D:6      | Noticed Dowan
  3630 | D:6      | Noticed Duvessa
  3637 | D:6      | Killed Duvessa
  3640 | D:6      | Killed Dowan
  3921 | D:6      | Got a dazzling scale mail
  3932 | D:6      | Identified the +1 scale mail of Truth {rElec rF+ Regen+ Dex-4} (You found it on level 6 of the Dungeon)
  3971 | D:6      | Found a deep blue altar of Sif Muna.
  4433 | D:7      | Found Uwun's Book Shop.
  4452 | D:7      | Reached **** piety under Trog
  4535 | D:7      | Reached XP level 9. HP: 52/81 MP: 8/8
  4926 | D:7      | Found a staircase to the Ecumenical Temple.
  5286 | D:8      | Noticed Erica
  5297 | D:8      | Killed from afar by Erica

Skill      XL: |  1  2  3  4  5  6  7  8  9 |
---------------+----------------------------+-----
Armour         | 3 4 5 6 7 8 |  8.0
Dodging        | 3 4 5 6 7 |  7.0
Fighting       | 4 5 6 7 8 |  8.2
Axes           | 4 5 6 7 8 |  8.2
Bows           | |  0.4

Action                   |  1- 3 |  4- 6 |  7- 9 || total
-------------------------+-------+-------+-------++-------
Melee: Hand axe          |    60 |    12 |       ||    72
       Headbutt          |     5 |    30 |    41 ||    76
       War axe           |       |   113 |   211 ||   324
 Fire: Shortbow          |       |       |     8 ||     8
Invok: Berserk           |       |     3 |       ||     3
       Burn Spellbooks   |       |       |     1 ||     1
  Use: Scroll            |       |       |    13 ||    13
  Eat: Chunk             |       |     9 |     8 ||    17
Armor: Scale mail        |    34 |    56 |    78 ||   168
Dodge: Dodged            |    38 |    74 |   147 ||   259
